 Dungeon Crawl Stone Soup version 0.29-a0-565-g7a16c6de65 (webtiles) character file.

Game seed: 13534595890112028058

96 Lekart the Skirmisher (level 4, -3/40 HPs)
             Began as a Draconian Chaos Knight on June 12, 2022.
             Was a Plaything of Xom.
             Slain by an orc
             ... wielding a +0 flail
              (7 damage)
             ... on level 3 of the Dungeon.
             The game lasted 00:03:09 (2513 turns).

Lekart the Skirmisher (Draconian Chaos Knight)      Turns: 2513, Time: 00:03:10

Health: -3/40      AC:  5    Str: 14    XL:     4   Next: 41%
Magic:  4/4        EV: 12    Int: 13    God:    Xom [.....*]
Gold:   180        SH:  0    Dex: 12    Spells: 3/3 levels left

rFire   . . .      SeeInvis .   a - +0 falchion (chaos)
rCold   . . .      Faith    .   (no shield)
rNeg    . . .      Spirit   .   (body armour unavailable)
rPois   .          Reflect  .   (helmet restricted)
rElec   .          Harm     .   (no cloak)
rCorr   .          Rampage  .   (no gloves)
Will    .....                   (no boots)
Stlth   +.........              (no amulet)
HPRegen 0.13/turn               (no ring)
MPRegen 0.09/turn               (no ring)

@: no status effects
A: AC +5, unfitting armour, cold-blooded
a: Renounce Religion


You were on level 3 of the Dungeon.
You worshipped Xom.
You were Xom's teddy bear.
You visited 1 branch of the dungeon, and saw 3 of its levels.

You collected 180 gold pieces.

Inventory:

Hand Weapons
 a - a +0 falchion of chaos (weapon)
Scrolls
 d - a scroll of vulnerability {unknown}
 e - 3 scrolls of teleportation
 g - a scroll of silence
Potions
 c - 3 potions of curing
 f - 2 potions of haste
 h - a potion of mutation
 i - a potion of magic
 j - a potion of ambrosia
 k - a potion of heal wounds {unknown}
Miscellaneous
 b - a piece from Xom's chessboard (15/15) (quivered)
 l - a box of beasts (inert)


   Skills:
 + Level 4.1 Fighting
 + Level 4.1 Long Blades
 + Level 2.9 Dodging


You had 3 spell levels left.
You didn't know any spells.
Your spell library contained the following spells:

 Spells                   Type           Power      Damage    Failure   Level
 Poisonous Vapours        Pois/Air       0%         N/A       43%         2
 Corpse Rot               Necr/Pois/Air  0%         N/A       97%         4


Dungeon Overview and Level Annotations

Branches:
Dungeon (3/15)

Altars:
Xom


Innate Abilities, Weirdness & Mutations

Your plain brown scales are hard. (AC +5)
You cannot fit into any form of body armour.
You are cold-blooded and may be slowed by cold attacks.


Message History

You are too injured to fight recklessly!
You are too injured to fight recklessly!
You are too injured to fight recklessly!
You are too injured to fight recklessly!
You are too injured to fight recklessly!
You are too injured to fight recklessly!
You are too injured to fight recklessly!
You are too injured to fight recklessly!
You are too injured to fight recklessly!
You are too injured to fight recklessly!
You are too injured to fight recklessly!
The orc attacks as you move away! The orc barely misses you.
You barely miss the orc. The orc hits you but does no damage.
You hit the orc but do no damage.
The orc seems to grow stronger.
The orc barely misses you.
You hit the orc but do no damage. The orc barely misses you.
You hit the orc. You burn the orc.
The orc is severely wounded.
The orc closely misses you.
You hit the orc but do no damage. You drain the orc.
You kill the orc!
You hit the orc.
The orc is poisoned.
The orc is lightly wounded.
The orc barely misses you.
You hit the orc. You freeze the orc.
You kill the orc!
The orc closely misses you.
You hit the orc but do no damage. The orc hits you but does no damage.
You hit the orc but do no damage.
You are now Xom's teddy bear.
The orc hits you but does no damage.
You hit the orc but do no damage.
The orc goes berserk!
Xom thinks this is hilarious!
The orc hits you with a +0 flail.
You hit the orc but do no damage. The orc hits you with a +0 flail. x2
You hit the orc but do no damage. The orc hits you with a +0 flail.
The orc hits you with a +0 flail!
* * * LOW HITPOINT WARNING * * *
You barely miss the orc. The orc hits you with a +0 flail!
You die...

######### .##
#.......# #....
#.......##.
#..#.####..........
.##..#............)..
....#.##.........#
###...........#####
#...........#goo@.#
...#.......#####.#
###.#....#### .#
........## .#
###.###.# .. ###.#
..# ## ....#....
........## ###.##..#


You could see 2 orcs and a goblin.

Vanquished Creatures
  A jelly (D:3)
  An ufetubus (D:3)
  A worm (D:2)
  4 dart slugs
  2 orcs (D:3)
  4 bats
  An endoplasm (D:1)
  A giant cockroach (D:2)
  4 goblins
  2 hobgoblins
  2 jackals (D:1)
  5 quokkas
  3 ball pythons (D:1)
  4 frilled lizards
  8 kobolds
  6 rats
49 creatures vanquished.

Notes
Turn   | Place    | Note
-------+----------+-------------------------------------------
     0 | D:1      | Lekart the Draconian Chaos Knight began the quest for the
                  | Orb.
     0 | D:1      | Reached XP level 1. HP: 19/19 MP: 1/1
   257 | D:1      | Reached XP level 2. HP: 21/26 MP: 2/2
   799 | D:1      | XOM: divination: detect items
   915 | D:1      | Reached XP level 3. HP: 28/33 MP: 3/3
   937 | D:1      | XOM: silly message
   951 | D:1      | XOM: silly message
  1255 | D:1      | Found a faded altar of an unknown god.
  1540 | D:2      | XOM: cloud trail
  2002 | D:2      | XOM: noise
  2393 | D:2      | XOM: 2-stop teleportation journey
  2419 | D:3      | Found a shimmering altar of Xom.
  2435 | D:3      | XOM: god gift: box of beasts
  2460 | D:3      | Reached XP level 4. HP: 36/40 MP: 4/4
  2513 | D:3      | Slain by an orc

Illustrated notes

Levels and vault maps discovered:
D:1:      evilmike_arrival_fibonacci_small, layout_basic,
          ebering_ecumenical_altar_mist
D:2:      layout_basic
D:3:      layout_basic, dk_xom_monty_hall, serial_bayou_lake_a, uniq_ijyb

Skill      XL: |  1  2  3 |
---------------+----------+-----
Fighting       | 4 |  4.1
Long Blades    | 4 |  4.1
Dodging        | |  2.9

Action                   |  1- 3 |  4- 6 || total
-------------------------+-------+-------++-------
Melee: Falchion          |   134 |    22 ||   156
       Tailslap          |    10 |     2 ||    12
       Punch             |       |     1 ||     1
Evoke: Box of beasts     |     1 |       ||     1
  Use: Scroll            |     9 |       ||     9
 Stab: Petrified         |     1 |       ||     1
Armor: Skin              |    38 |    10 ||    48
Dodge: Dodged            |   103 |    26 ||   129

Table legend: (Time is in decaauts)
 A = Elapsed time spent in this place.
 B = Non-inter-level travel time spent in this place.
 C = Inter-level travel time spent in this place.
 D = Time resting spent in this place.
 E = Time spent auto-exploring this place.
 F = Levels seen in this place.
 G = Mean time per level.
                   A        B        C        D        E       F      G
               +--------+--------+--------+--------+--------+-----+--------+
         Total |   2532 |   2469 |     63 |    100 |   1988 |   3 |  844.0 |
       Dungeon |   2532 |   2469 |     63 |    100 |   1988 |   3 |  844.0 |
               +--------+--------+--------+--------+--------+-----+--------+

Top non-repeatable levels by time:
     D:1: 1481 daAuts
     D:2: 935 daAuts
     D:3: 115 daAuts
